 Dungeon Crawl Stone Soup version 0.30.1-4-g462c640d31 (webtiles) character file.

Game seed: 5828247966298043837

414 ChrisTheSkald the Conjurer (level 7, -1/48 HPs)
             Began as a Human Conjurer on Sept 6, 2023.
             Slain by a kobold brigand
             ... wielding a +0 short sword
              (4 damage)
             ... in a sewer.
             The game lasted 00:07:30 (1146 turns).

ChrisTheSkald the Conjurer (Human Conjurer)         Turns: 1146, Time: 00:07:30

Health: -1/48      AC:  2    Str:  7    XL:     7   Next: 14%
Magic:  0/11       EV: 13    Int: 20    God:
Gold:   38         SH:  0    Dex: 12    Spells: 5/12 levels left

rFire   . . .        c - +1 short sword (holy)
rCold   . . .        (no shield)
rNeg    . . .        a - +0 robe
rPois   .            (no helmet)
rElec   .            (no cloak)
rCorr   .            (no gloves)
SInv    .            (no boots)
Will    .....        (no amulet)
Stlth   ++           (no ring)
HPRegen 0.28/turn    (no ring)
MPRegen 0.12/turn

%: no passive effects
@: no status effects
A: no striking features
a: no special abilities


You were in a sewer.
You visited 1 branch of the dungeon, and saw 3 of its levels.
You also visited: Sewer.

You collected 38 gold pieces.

Inventory:

Hand Weapons
 c - a +1 short sword of holy wrath (weapon)
Armour
 a - a +0 robe (worn)
Scrolls
 b - a scroll of summoning {unknown}
 f - a scroll of vulnerability


   Skills:
 * Level 1.0 Fighting
 * Level 4.1 Dodging
 * Level 3.2 Stealth
 + Level 1.9 Unarmed Combat
 * Level 3.2 Spellcasting
 * Level 5.3 Conjurations


You had 5 spell levels left.
You knew the following spells:

 Your Spells              Type           Power      Damage    Failure   Level
a - Magic Dart            Conj           96%        1d7       1%          1
b - Searing Ray           Conj           48%        2d6       2%          2
c - Fulminant Prism       Conj/Hex       6%         3d7       43%         4

Your spell library contained the following spells:

 Spells                   Type           Power      Damage    Failure   Level
 Dazzling Flash           Conj/Hex       26%        N/A       14%         3
 Iskenderun's Mystic Bla  Conj/Tloc      13%        2d5       43%         4


Dungeon Overview and Level Annotations

Branches:
Dungeon (4/15)              Sewer (1/1)
 Temple: D:4-7

Altars:


Message History

You barely miss the kobold brigand.
The kobold brigand is severely wounded.
The kobold brigand hits you with a +0 short sword.
* * * LOW HITPOINT WARNING * * *
You miss the kobold brigand.
The kobold brigand is severely wounded.
The kobold brigand hits you with a +0 short sword.
* * * LOW HITPOINT WARNING * * *
Casting: Searing Ray (safe; 2% risk of failure)
Confirm with . or Enter, or press ? or * to list all spells.
Aiming: Magic Dart (safe; 1% risk of failure)
Press: ? - help, Shift-Dir - straight line, f/p - kobold brigand
Aim: a kobold brigand, wielding a +0 short sword and quivering poisoned darts (severely wounded, 100% to hit)
The magic dart hits the kobold brigand but does no damage.
The kobold brigand is severely wounded.
The kobold brigand closely misses you.
You hit the kobold brigand.
The kobold brigand is severely wounded.
The kobold brigand hits you with a +0 short sword.
* * * LOW HITPOINT WARNING * * *
You hit the kobold brigand.
The kobold brigand is severely wounded.
The kobold brigand hits you with a +0 short sword.
* * * LOW HITPOINT WARNING * * *
Casting: Magic Dart (safe; 1% risk of failure)
Confirm with . or Enter, or press ? or * to list all spells.
Aiming: Magic Dart (safe; 1% risk of failure)
Press: ? - help, Shift-Dir - straight line, f/p - kobold brigand
Aim: a kobold brigand, wielding a +0 short sword and quivering poisoned darts (severely wounded, 100% to hit)
The magic dart hits the kobold brigand.
The kobold brigand is almost dead.
The kobold brigand hits you with a +0 short sword.
* * * LOW HITPOINT WARNING * * *
You aren't carrying any potions.
Unknown command.
The kobold brigand attacks as you move away!
The kobold brigand completely misses you.
The kobold brigand attacks as you move away!
The kobold brigand hits you with a +0 short sword.
You die...

≈≈≈≈≈≈...## #~~#~# ###~~~~.
≈≈≈≈≈≈.~.~#### #~# ##..~~~~#
≈≈≈≈≈≈≈.~~.## #~#####.~.~~~##
≈≈≈≈≈≈≈.~.~~####†##.~~~.~..~##
≈≈≈≈≈≈≈~†....~.#)#~..~#~#~~~.#
########P.~.~..††~~..~#~#~~~~.
≈≈≈≈≈≈≈.~..~..~..~....#~#.~..P
########....~..~..PP~~#~#.~..P
≈≈≈≈≈≈≈.P.~~@.~~#~#~.#~#~P..#
≈≈≈≈≈≈≈.P~..K~..#~#########~.
≈≈≈≈≈≈≈~~.~.)~~.#~#~~~~~~~~~.
≈≈≈≈≈≈≈≈~~.~.~..#~#########~#
≈≈≈≈≈≈≈≈.~.P..~.#~P #.#
##########...~.~# ###
~~PP~.~.# ###..~~..# ~.~..~~#


You could see a kobold brigand.

Vanquished Creatures
  An ogre (D:4)
  A kobold brigand (Sewer)
  A howler monkey (D:4)
  A hound (D:4)
  An iguana (D:4)
  An orc wizard (D:4)
  5 river rats (Sewer)
  3 adders (D:4)
  An ufetubus (D:4)
  2 worms (D:4)
  A dart slug (D:1)
  7 orcs (D:4)
  4 ball pythons
  An endoplasm (D:1)
  4 giant cockroaches
  4 goblins (D:1)
  4 jackals
  3 quokkas (D:4)
  A frilled lizard (Sewer)
  8 kobolds
  4 rats
58 creatures vanquished.

Notes
Turn   | Place    | Note
-------+----------+-------------------------------------------
     0 | D:1      | ChrisTheSkald the Human Conjurer began the quest for the
                  | Orb.
     0 | D:1      | Reached XP level 1. HP: 13/13 MP: 3/3
   173 | D:1      | Reached XP level 2. HP: 17/19 MP: 0/5
   176 | D:1      | Learned a level 2 spell: Searing Ray
   451 | D:2      | You fall into a shaft and drop 2 floors!
   462 | D:4      | Reached XP level 3. HP: 18/24 MP: 0/6
   479 | D:4      | Noticed an ogre
   505 | D:4      | Killed an ogre
   506 | D:4      | Reached XP level 4. HP: 7/31 MP: 4/8
   506 | D:4      | Reached XP level 5. HP: 9/36 MP: 4/9
   512 | D:4      | Reached skill level 5 in Conjurations
   547 | D:4      | Reached XP level 6. HP: 17/42 MP: 1/10
   559 | D:4      | Reached skill level 1 in Unarmed Combat
   725 | D:4      | Found a glowing drain.
   731 | Sewer    | Entered a sewer
   776 | Sewer    | Reached XP level 7. HP: 25/47 MP: 1/11
  1006 | Sewer    | Reached skill level 1 in Fighting
  1020 | Sewer    | Learned a level 4 spell: Fulminant Prism
  1143 | Sewer    | HP: 2/48 [kobold brigand/+0 short sword (3)]
  1146 | Sewer    | Slain by a kobold brigand

Illustrated notes

Levels and vault maps discovered:
D:1:      dpeg_arrival_chambers_temple_mockup, layout_basic, st_stairs_2,
          minmay_indecisive_spiral
D:2:      layout_loops_corners, shapermc_ecumenical_altar_acropolis
D:4:      layout_rooms, mainiacjoe_overflow_alcove_4,
          nzn_hepliaklqana_mist_gate, lemuel_temple_firewalk_a,
          gup_sewer_entry_spiral, feat_on_display
Sewer:    sewer_co_scattered_pipes

Skill      XL: |  1  2  3  4  5  6  7 |
---------------+----------------------+-----
Conjurations   | 5 |  5.3
Dodging        | 3 4 |  4.1
Spellcasting   | 3 |  3.2
Unarmed Combat | 1 |  1.9
Stealth        | 3 |  3.2
Fighting       | 1 |  1.0

Action                     |  1- 3 |  4- 6 |  7- 9 || total
---------------------------+-------+-------+-------++-------
  Melee: Unarmed           |    21 |    65 |    13 ||    99
         Punch             |       |     3 |     1 ||     4
         Short sword       |       |       |    15 ||    15
   Cast: Magic Dart        |    14 |     2 |     2 ||    18
         Searing Ray       |     5 |    11 |    10 ||    26
    Use: Potion            |     6 |     4 |     2 ||    12
         Scroll            |     1 |       |       ||     1
   Stab: Distracted        |       |     1 |       ||     1
 Armour: Robe              |    11 |     8 |     4 ||    23
         Skin              |    46 |    33 |       ||    79
  Dodge: Dodged            |    36 |    56 |    31 ||   123
